[ AOE2 MATCH · #506784017 ]
UnrankedKhmer vs Celts
[ REPLAY ANALYSIS · EXTRACTED FROM THE RECORDED GAME ]
Feudal
—
Castle
—
Imperial
—
| APM avg | 17.5 |
| APM peak | 31 |
| eAPM avg | 9.2 |
| Villagers / military | 18 / 0 |
Focus
⚔️ 8.5% · 🌾 91.5%
Feudal
—
Castle
—
Imperial
—
| APM avg | 27.9 |
| APM peak | 66 |
| eAPM avg | 12.0 |
| Villagers / military | 33 / 0 |
Focus
⚔️ 17.8% · 🌾 82.2%
Feudal
—
Castle
—
Imperial
—
| APM avg | 15.3 |
| APM peak | 37 |
| eAPM avg | 7.8 |
| Villagers / military | 35 / 0 |
Focus
⚔️ 11.1% · 🌾 88.9%
Feudal
—
Castle
—
Imperial
—
| APM avg | 19.8 |
| APM peak | 44 |
| eAPM avg | 8.0 |
| Villagers / military | 17 / 0 |
Focus
⚔️ 13.2% · 🌾 86.8%
Feudal
—
Castle
—
Imperial
—
| APM avg | 19.1 |
| APM peak | 39 |
| eAPM avg | 10.6 |
| Villagers / military | 22 / 0 |
Focus
⚔️ 1.4% · 🌾 98.6%
Feudal
—
Castle
—
Imperial
—
| APM avg | 14.6 |
| APM peak | 28 |
| eAPM avg | 10.4 |
| Villagers / military | 24 / 0 |
Focus
⚔️ 0.0% · 🌾 100.0%
Feudal
—
Castle
—
Imperial
—
| APM avg | 39.8 |
| APM peak | 103 |
| eAPM avg | 15.2 |
| Villagers / military | 15 / 0 |
Focus
⚔️ 31.5% · 🌾 68.5%
Feudal
—
Castle
—
Imperial
—
| APM avg | 20.4 |
| APM peak | 44 |
| eAPM avg | 7.9 |
| Villagers / military | 0 / 0 |
Focus
⚔️ 10.0% · 🌾 90.0%
Match map
Initial resources + every placement click. Lines = walls · curves = elevation contours. ◆ gold · ⬟ stone · ● berries · ✦ relic · ◌ wall gap
Your base
铁蹄铮铮's base
GuilleLeopold17's base
webitos9958's base
Tamor's base
felipegarcia92's base
scrawnny12's base
matiassboss's base
Smoothed initial terrain · ◌ = detected wall gap · hover for details
Inputs per minute
— vitavidal91 - - 铁蹄铮铮
Build order — vitavidal91
25 actions detected in the replay
| 0:04 | Queue | Villager (Male) |
| 0:05 | Queue | Villager (Male) |
| 0:06 | Build | House |
| 0:07 | Build | House |
| 0:53 | Queue | Villager (Male) |
| 1:14 | Queue | Villager (Male) |
| 1:31 | Queue | Villager (Male) |
| 2:11 | Queue | Villager (Male) |
| 2:28 | Queue | Villager (Male) |
| 2:48 | Queue | Villager (Male) |
| 2:58 | Queue | Villager (Male) |
| 3:57 | Queue | Villager (Male) |
| 4:02 | Queue | Villager (Male) |
| 4:21 | Queue | Villager (Male) |
| 4:26 | Build | Dock |
| 4:54 | Build | House |
| 5:24 | Queue | Villager (Male) |
| 5:37 | Queue | Villager (Male) |
| 6:23 | Queue | Villager (Male) |
| 6:46 | Build | House |
| 6:51 | Queue | Villager (Male) |
| 7:21 | Queue | Villager (Male) |
| 7:44 | Queue | Villager (Male) |
| 8:06 | Build | Mill |
| 8:16 | Research | Feudal Age |
Build order — 铁蹄铮铮
42 actions detected in the replay
| 0:05 | Build | House |
| 0:07 | Build | House |
| 0:10 | Queue | Villager (Male) |
| 0:11 | Queue | Villager (Male) |
| 0:11 | Queue | Villager (Male) |
| 0:11 | Queue | Villager (Male) |
| 0:11 | Queue | Villager (Male) |
| 0:46 | Research | Loom |
| 0:48 | Queue | Villager (Male) |
| 0:49 | Queue | Villager (Male) |
| 0:49 | Queue | Villager (Male) |
| 0:49 | Queue | Villager (Male) |
| 2:12 | Build | Palisade Wall |
| 2:27 | Queue | Villager (Male) |
| 2:27 | Queue | Villager (Male) |
| 2:28 | Queue | Villager (Male) |
| 2:49 | Queue | Villager (Male) |
| 2:50 | Queue | Villager (Male) |
| 2:50 | Queue | Villager (Male) |
| 3:08 | Queue | Villager (Male) |
| 3:08 | Queue | Villager (Male) |
| 3:25 | Build | Lumber Camp |
| 3:39 | Queue | Villager (Male) |
| 3:39 | Queue | Villager (Male) |
| 4:05 | Queue | Villager (Male) |
| 4:05 | Queue | Villager (Male) |
| 4:53 | Queue | Villager (Male) |
| 4:54 | Queue | Villager (Male) |
| 5:26 | Queue | Villager (Male) |
| 5:26 | Queue | Villager (Male) |
| 5:27 | Queue | Villager (Male) |
| 5:53 | Build | Mill |
| 5:59 | Build | House |
| 6:00 | Build | House |
| 6:44 | Queue | Villager (Male) |
| 6:44 | Queue | Villager (Male) |
| 6:45 | Queue | Villager (Male) |
| 6:45 | Queue | Villager (Male) |
| 6:45 | Queue | Villager (Male) |
| 7:32 | Queue | Villager (Male) |
| 7:32 | Queue | Villager (Male) |
| 8:24 | Build | Lumber Camp |
Build order — GuilleLeopold17
37 actions detected in the replay
| 0:02 | Queue | Villager (Male) |
| 0:03 | Queue | Villager (Male) |
| 0:03 | Queue | Villager (Male) |
| 0:03 | Queue | Villager (Male) |
| 0:07 | Build | House |
| 0:09 | Build | House |
| 0:49 | Research | Loom |
| 0:49 | Research | Loom |
| 0:49 | Research | Loom |
| 0:50 | Queue | Villager (Male) |
| 0:50 | Queue | Villager (Male) |
| 0:50 | Queue | Villager (Male) |
| 1:16 | Build | Palisade Wall |
| 2:02 | Queue | Villager (Male) |
| 2:02 | Queue | Villager (Male) |
| 2:02 | Queue | Villager (Male) |
| 2:41 | Queue | Villager (Male) |
| 2:41 | Queue | Villager (Male) |
| 2:41 | Queue | Villager (Male) |
| 3:33 | Build | Palisade Wall |
| 3:38 | Queue | Villager (Male) ×2 |
| 3:38 | Queue | Villager (Male) ×2 |
| 4:33 | Queue | Villager (Male) ×2 |
| 4:34 | Queue | Villager (Male) ×2 |
| 4:34 | Queue | Villager (Male) ×2 |
| 4:48 | Build | Lumber Camp |
| 5:16 | Build | Palisade Wall |
| 5:25 | Build | Palisade Wall |
| 5:46 | Queue | Villager (Male) ×4 |
| 5:46 | Queue | Villager (Male) ×4 |
| 5:59 | Build | House |
| 6:39 | Build | House |
| 6:59 | Queue | Villager (Male) ×2 |
| 6:59 | Queue | Villager (Male) ×2 |
| 7:09 | Build | House |
| 7:10 | Build | House |
| 7:11 | Build | House |
Build order — webitos9958
22 actions detected in the replay
| 3:08 | Queue | Villager (Male) |
| 3:08 | Queue | Villager (Male) |
| 3:09 | Queue | Villager (Male) |
| 3:09 | Queue | Villager (Male) |
| 3:10 | Build | House |
| 3:12 | Build | House |
| 3:57 | Research | Loom |
| 4:03 | Queue | Villager (Male) |
| 4:03 | Queue | Villager (Male) |
| 4:04 | Queue | Villager (Male) |
| 5:17 | Queue | Villager (Male) |
| 6:19 | Queue | Villager (Male) |
| 6:25 | Build | Palisade Wall |
| 6:42 | Queue | Villager (Male) |
| 7:22 | Queue | Villager (Male) |
| 7:22 | Queue | Villager (Male) |
| 7:22 | Queue | Villager (Male) |
| 7:50 | Build | Lumber Camp |
| 8:12 | Queue | Villager (Male) |
| 8:43 | Queue | Villager (Male) |
| 9:07 | Queue | Villager (Male) |
| 9:07 | Queue | Villager (Male) |
Build order — Tamor
29 actions detected in the replay
| 0:01 | Queue | Villager (Male) |
| 0:01 | Queue | Villager (Male) |
| 0:03 | Build | House |
| 0:05 | Build | House |
| 0:30 | Queue | Villager (Male) |
| 0:31 | Queue | Villager (Male) |
| 0:31 | Queue | Villager (Male) |
| 1:33 | Queue | Villager (Male) |
| 1:48 | Build | Lumber Camp |
| 2:13 | Queue | Villager (Male) |
| 2:16 | Queue | Villager (Male) |
| 2:24 | Build | House |
| 2:56 | Queue | Villager (Male) |
| 3:39 | Queue | Villager (Male) |
| 3:40 | Queue | Villager (Male) |
| 4:08 | Queue | Villager (Male) |
| 4:27 | Build | Mill |
| 4:54 | Queue | Villager (Male) |
| 5:41 | Queue | Villager (Male) |
| 5:41 | Queue | Villager (Male) |
| 6:07 | Build | House |
| 6:19 | Queue | Villager (Male) |
| 6:54 | Queue | Villager (Male) |
| 6:56 | Queue | Villager (Male) |
| 7:32 | Queue | Villager (Male) |
| 7:32 | Queue | Villager (Male) |
| 8:33 | Build | Mill |
| 8:35 | Queue | Villager (Male) |
| 8:35 | Queue | Villager (Male) |
Build order — felipegarcia92
32 actions detected in the replay
| 0:01 | Queue | Villager (Male) |
| 0:02 | Queue | Villager (Male) |
| 0:02 | Queue | Villager (Male) |
| 0:02 | Queue | Villager (Male) |
| 0:02 | Queue | Villager (Male) |
| 0:04 | Build | House |
| 0:06 | Build | House |
| 1:38 | Queue | Villager (Male) |
| 2:18 | Queue | Villager (Male) |
| 2:18 | Queue | Villager (Male) |
| 2:53 | Queue | Villager (Male) |
| 3:24 | Queue | Villager (Male) |
| 3:31 | Queue | Villager (Male) |
| 3:56 | Build | House |
| 4:01 | Build | Mill |
| 4:17 | Queue | Villager (Male) |
| 4:38 | Queue | Villager (Male) |
| 4:38 | Queue | Villager (Male) |
| 5:01 | Research | Loom |
| 5:36 | Queue | Villager (Male) |
| 5:36 | Queue | Villager (Male) |
| 5:36 | Queue | Villager (Male) |
| 5:55 | Build | Lumber Camp |
| 6:27 | Queue | Villager (Male) |
| 6:47 | Queue | Villager (Male) |
| 7:18 | Queue | Villager (Male) |
| 7:18 | Queue | Villager (Male) |
| 7:19 | Queue | Villager (Male) |
| 7:24 | Build | House |
| 8:02 | Queue | Villager (Male) |
| 8:38 | Queue | Villager (Male) |
| 8:41 | Build | Mining Camp |
Build order — scrawnny12
15 actions detected in the replay
| 0:05 | Build | House |
| 0:06 | Build | House |
| 0:07 | Queue | Villager (Male) ×4 |
| 1:06 | Research | Loom |
| 1:06 | Queue | Villager (Male) |
| 1:06 | Queue | Villager (Male) |
| 1:57 | Queue | Villager (Male) |
| 1:58 | Queue | Villager (Male) |
| 6:03 | Queue | Villager (Male) |
| 6:04 | Queue | Villager (Male) |
| 7:58 | Queue | Villager (Male) |
| 7:58 | Queue | Villager (Male) |
| 8:33 | Queue | Villager (Male) |
| 8:55 | Queue | Villager (Male) |
| 8:56 | Queue | Villager (Male) |
Build order — matiassboss
2 actions detected in the replay
| 0:13 | Research | Loom |
| 4:31 | Build | Palisade Wall |
Match timeline
| 1:16 | GuilleLeopold17 · wall_segment Palisade Wall x8 |
| 2:12 | 铁蹄铮铮 · wall_segment Palisade Wall x6 |
| 3:33 | GuilleLeopold17 · wall_segment Palisade Wall x13 |
| 4:26 | vitavidal91 · first_building Dock |
| 4:31 | matiassboss · wall_segment Palisade Wall x2 |
| 5:16 | GuilleLeopold17 · wall_segment Palisade Wall x2 |
| 5:25 | GuilleLeopold17 · wall_segment Palisade Wall x1 |
| 6:25 | webitos9958 · wall_segment Palisade Wall x12 |
| 8:52 | vitavidal91 · resign |
[ AI ANALYSIS · 1 CREDIT ]
What really happened in this match?
Wolo.gg analyzes every decision: build order, eco, micro, common mistakes by bracket. Personalized analysis on WhatsApp or Discord in 30 seconds.
Civ guide
Khmer
Perfil
Jugador #19229385